 Dungeon Crawl Stone Soup version 0.29-a0-231-g945431f764 (webtiles) character file.

Game seed: 11387642743335165396

152 GraveyardiganJr the Chiller (level 5, 0/54 HPs)
             Began as a Merfolk Ice Elementalist on Feb 28, 2022.
             Succumbed to an orc priest's poison
             ... on level 3 of the Dungeon.
             The game lasted 00:26:08 (3261 turns).

GraveyardiganJr the Chiller (MfIE)                  Turns: 3261, Time: 00:26:08

Health: 0/54       AC: 22    Str: 14    XL:     5   Next: 34%
Magic:  9/9        EV:  2    Int: 17    God:
Gold:   182        SH:  3    Dex: 14    Spells: 2/9 levels left

rFire   . . .      SeeInvis .   a - +0 dagger (venom)
rCold   . . .      Faith    .   o - +0 buckler
rNeg    . . .      Spirit   .   (body armour currently unavailable)
rPois   +          Reflect  .   (helmet currently unavailable)
rElec   .          Harm     .   (cloak currently unavailable)
rCorr   .          Rampage  .   (gloves currently unavailable)
Will    .....      NoTele   +   (boots currently unavailable)
Stlth   ++........              (no amulet)
HPRegen 0.18/turn               d - +6 ring of strength
MPRegen 0.11/turn               (no ring)

@: lethally poisoned (0 -> -12), tree-form
A: stationary, stasis, torment immunity, boosted hp, (nimble swimmer 2),
(mertail)
a: no special abilities


You were on level 3 of the Dungeon.
You were a tree.
You visited 1 branch of the dungeon, and saw 3 of its levels.

You collected 182 gold pieces.

Inventory:

Hand Weapons
 a - a +0 dagger of venom (weapon)
 b - a +0 hunting sling
 t - a +0 trident
 u - a +0 short sword
Missiles
 f - 4 poisoned darts
 h - 77 stones
Armour
 i - a +0 pair of gloves (melded)
 j - a +0 robe (melded)
 m - a +0 leather armour
 o - a +0 buckler (worn)
 v - a +2 cloak of preservation (melded)
Jewellery
 d - a +6 ring of strength (left branch)
 p - an amulet of guardian spirit
Scrolls
 c - a scroll of fog {unknown}
 e - a scroll of identify {unknown}
 n - a scroll of teleportation {unknown}
 q - a scroll of amnesia {unknown}
 r - a scroll of fear {unknown}
 x - a scroll of holy word
Potions
 g - a potion of mutation {unknown}
 l - a potion of curing {unknown}
 s - a potion of heal wounds {unknown}
 w - a potion of attraction {unknown}


   Skills:
 + Level 0.7 Fighting
 + Level 0.1 Throwing
 + Level 2.8 Dodging
 + Level 2.8 Stealth
 + Level 2.9 Spellcasting
 * Level 6.1 Ice Magic


You had 2 spell levels left.
You knew the following spells:

 Your Spells              Type           Power      Damage    Failure   Level
e - Freeze                Ice            92%        1d10      1%          1
o - Ozocubu's Armour      Ice            23%        N/A       6%          3
r - Frozen Ramparts       Ice            46%        1d6       6%          3

Your spell library contained the following spells:

 Spells                   Type           Power      Damage    Failure   Level
 Ensorcelled Hibernation  Hex/Ice        24%        N/A       11%         2
 Hailstorm                Conj/Ice       12%        3d5       56%         4
 Spider Form              Tmut/Pois      2%         N/A       58%         3
 Anguish                  Hex/Necr       1%         N/A       94%         4


Dungeon Overview and Level Annotations

Branches:
Dungeon (3/15)

Altars:

Annotations:
D:2 exclusion: 4 gnolls
D:3 2 runed translucent doors, Jessica, Sigmund


Innate Abilities, Weirdness & Mutations

You are a tree.
Your roots penetrate the ground, keeping you stationary.
You cannot be teleported.
You are immune to unholy pain and torment.
Your maximum health is greatly increased.
Your equipment is partially melded.
((You are very nimble when in or above water. (Stealth+, EV+, Speed+++)))
((Your lower body shifts to a powerful aquatic tail in water.))


Message History

You see here a rat corpse.
Throw: 6 darts (poison)
Press: ? - help, Shift-Dir - straight line, f/p - orc priest
Aim: an orc priest, wielding a +1 dagger of venom and wearing a +0 leather armour (lightly wounded, poisoned, 57% to hit)
You throw a poisoned dart.
The poisoned dart closely misses the orc priest.
Throw: 5 darts (poison)
Press: ? - help, Shift-Dir - straight line, f/p - orc priest
Aim: an orc priest, wielding a +1 dagger of venom and wearing a +0 leather armour (lightly wounded, poisoned, 57% to hit)
You throw a poisoned dart.
The poisoned dart barely misses the orc priest.
The orc priest hits you with a +1 dagger of venom.
You are poisoned.
You closely miss the orc priest.
The orc priest is lightly wounded.
You feel sick.
The orc priest hits you but does no damage.
You are more poisoned.
You barely miss the orc priest.
The orc priest is lightly wounded.
You feel very sick.
The orc priest calls down the wrath of Beogh upon you.
Beogh smites you!
* * * LOW HITPOINT WARNING * * *
Unknown command.
* * * LOW HITPOINT WARNING * * *
You feel sick.
The orc priest hits you with a +1 dagger of venom.
* * * LOW HITPOINT WARNING * * *
You are more poisoned.
It was a potion of lignification.
You turn into a tree.
Your +2 cloak of preservation melds into your body.
Your +0 pair of gloves melds into your body.
Your +0 robe melds into your body.
Your roots penetrate the ground.
* * * LOW HITPOINT WARNING * * *
You feel very sick.
The orc priest hits you but does no damage.
You barely miss the orc priest.
The orc priest is lightly wounded.
You die...

###.###......##(....####.#
#....#..##..>..........#
#.................#.####
#.)..#..####.#...##.#
###)####..# #.##.###.#
##..# #..# #.##.# #.#
##.#####..# #.##†# #.#
..........####.##o# #.#
...#####..##..#.♣.###.#
...# #).##.#.##.....# ...#
#..##.#.##.##### ...#
#..##.#.##.#
...#####>......##.#
##........##.####.#
##........##.# #.#
##...####.##.# #.#
.†...####.##.# #.#


You could see an orc priest.

Vanquished Creatures
  An orc priest (D:3)
  An orc wizard (D:3)
  3 adders
  A worm (D:2)
  2 dart slugs
  4 orcs (D:3)
  7 endoplasms
  3 giant cockroaches
  3 hobgoblins
  3 jackals (D:3)
  4 kobolds
  4 quokkas
  3 ball pythons (D:2)
  5 bats
  9 goblins
  4 rats
57 creatures vanquished.

Notes
Turn   | Place    | Note
-------+----------+-------------------------------------------
     0 | D:1      | GraveyardiganJr the Merfolk Ice Elementalist began the
                  | quest for the Orb.
     0 | D:1      | Reached XP level 1. HP: 13/13 MP: 3/3
   938 | D:1      | Reached XP level 2. HP: 19/19 MP: 5/5
  1367 | D:2      | Reached skill level 5 in Ice Magic
  1367 | D:2      | Reached XP level 3. HP: 23/25 MP: 2/6
  1521 | D:2      | Learned a level 3 spell: Frozen Ramparts
  2503 | D:3      | Reached XP level 4. HP: 31/31 MP: 4/7
  2507 | D:3      | Learned a level 3 spell: Ozocubu's Armour
  2585 | D:3      | Noticed Jessica
  2987 | D:3      | Found a large runed translucent door.
  2988 | D:3      | Found a large runed translucent door.
  3016 | D:3      | Reached XP level 5. HP: 36/36 MP: 2/9
  3019 | D:3      | Reached skill level 6 in Ice Magic
  3037 | D:3      | Noticed Sigmund
  3260 | D:3      | HP: 2/54 [poisoned by an orc priest]
  3261 | D:3      | Succumbed to an orc priest's poison

Illustrated notes

Levels and vault maps discovered:
D:1:      heliophobic_arrival_dark_side_of_the_moon, layout_basic,
          roderic_lattice_a, chequers_avenue, chequers_mini_garden,
          minmay_misc_feat_iff
D:2:      layout_loops_ring, kennysheep_generic_room_11
D:3:      kennysheep_goblin_castle, layout_loops_ring,
          mainiacjoe_overflow_chevrons, jmf_multi_god_temple2,
          shapermc_ecumenical_altar_flowoftime, uniq_sigmund, uniq_jessica,
          uniq_natasha

Skill      XL: |  1  2  3  4  5 |
---------------+----------------+-----
Ice Magic      | 5 6 |  6.1
Fighting       | |  0.7
Throwing       | |  0.1
Dodging        | |  2.8
Stealth        | |  2.8
Spellcasting   | |  2.9

Action                   |  1- 3 |  4- 6 || total
-------------------------+-------+-------++-------
Melee: Short sword       |    43 |    10 ||    53
       Trident           |     4 |       ||     4
       Dagger            |       |    24 ||    24
Throw: Dart              |     6 |     7 ||    13
       Stone             |     2 |     5 ||     7
 Cast: Freeze            |    27 |     8 ||    35
       Frozen Ramparts   |     1 |     3 ||     4
       Ozocubu's Armour  |       |     2 ||     2
  Use: Scroll            |       |     2 ||     2
       Potion            |       |     1 ||     1
 Stab: Sleeping          |     6 |     2 ||     8
Armor: Robe              |    14 |    13 ||    27
       Skin              |       |     1 ||     1
Dodge: Dodged            |    27 |    12 ||    39
Block: Buckler           |     2 |     3 ||     5

Table legend: (Time is in decaauts)
 A = Elapsed time spent in this place.
 B = Non-inter-level travel time spent in this place.
 C = Inter-level travel time spent in this place.
 D = Time resting spent in this place.
 E = Time spent auto-exploring this place.
 F = Levels seen in this place.
 G = Mean time per level.
                   A        B        C        D        E       F      G
               +--------+--------+--------+--------+--------+-----+--------+
         Total |   3265 |   3157 |    108 |    490 |   1643 |   3 | 1088.3 |
       Dungeon |   3265 |   3157 |    108 |    490 |   1643 |   3 | 1088.3 |
               +--------+--------+--------+--------+--------+-----+--------+

Top non-repeatable levels by time:
     D:2: 1353 daAuts
     D:1: 1192 daAuts
     D:3: 719 daAuts
